AoeStats
← TinselFan831357

Glade

510403923Analyzed
1v1 RM · 16h ago on Sep 30, 2026· 39m 26s· 2 players
Game mode
Random Map
Map size
Tiny (2 player)
Population
200
Speed
Normal
Resources
Standard
Victory
Conquest
Starting age
Dark Age
Ending age
Imperial Age
RankedLock teamsTeams togetherTeam positionsShared explorationLock speedFull tech treeHidden civsTurbo modeCheats
Victory
Defeat
🇨🇴 Teutons · Colombia
647
+16
🇧🇷 Bulgarians · Brazil
657
-16
TinselFan831357
10:09 Feudal Age
11:23 Double-Bit Axe
12:16 Horse Collar
14:19 Man-at-Arms
17:50 Stone Mining
20:38 Castle Age
20:11 Scale Mail Armor
20:42 Forging
20:41 Long Swordsman
22:54 Heavy Plow
24:55 Bow Saw
26:21 Wheelbarrow
26:22 Gambesons
27:28 Fervor
28:18 Hand Cart
28:18 Gold Mining
29:44 Squires
30:00 Chain Mail Armor
31:02 Stone Shaft Mining
31:11 Ironclad
30:57 Town Watch
35:12 Imperial Age
34:41 Loom
35:55 Town Patrol
35:20 Capped Ram
36:28 Crenellations
36:29 Conscription
36:54 Crop Rotation
36:19 Two-Handed Swordsman
38:09 Two-Man Saw
37:36 Champion
37:38 Pikeman
39:11 Iron Casting
39:06 Plate Mail Armor
39:39 Hoardings
39:13 Arson
Omagonifico
11:07 Feudal Age
9:23 Loom
13:03 Town Watch
16:46 Castle Age
17:27 Wheelbarrow
16:41 Horse Collar
17:40 Fletching
23:56 Forging
23:52 Scale Barding Armor
27:06 Scale Mail Armor
27:58 Squires
27:47 Arson
27:23 Pikeman
29:17 Iron Casting
29:55 Chain Mail Armor
29:44 Double-Bit Axe
30:02 Heavy Plow
30:40 Chain Barding Armor
34:00 Bow Saw
35:14 Bodkin Arrow
35:50 Hand Cart
35:36 Town Patrol
Connection lost

Rejoining the realm…

Still unreachable

The connection could not be restored.

Session expired

The server has moved on; the page needs a fresh start.